 Dungeon Crawl Stone Soup version 0.25-a0-781-gc44aebf (webtiles) character file.

Game seed: 8311034619531066973, levelgen mode: deterministic

11615 Hazorath the Impaler (level 11, -6/86 HPs)
             Began as a Merfolk Skald on Apr 15, 2020.
             Was an Elder of Okawaru.
             Mangled by a black mamba (12 damage)
             ... on level 3 of the Lair of Beasts.
             The game lasted 00:57:26 (16826 turns).

Hazorath the Impaler (Merfolk Skald)               Turns: 16826, Time: 00:57:27

Health: -6/86      AC: 11    Str: 14    XL:     11   Next: 80%
Magic:  14/14      EV: 29    Int: 17    God:    Okawaru [****..]
Gold:   406        SH:  0    Dex: 17    Spells: 8/14 levels left

rFire    . . .     SeeInvis .   u - +0 scythe
rCold    . . .     Gourm    .   (shield currently unavailable)
rNeg     . . .     Faith    .   b - +0 leather armour
rPois    .         Spirit   .   (no helmet)
rElec    .         Reflect  .   g - +0 cloak
rCorr    .         Harm     .   t - +0 pair of gloves
MR       .....                  h - +2 pair of boots {Fly}
Stlth    +++.......             w - amulet of magic regeneration
HPRegen  0.24/turn              E - ring of Starshine {Wiz Str+3 Int+4}
MPRegen  0.39/turn              i - +2 ring of protection

@: heroism, flying, very slightly contaminated, studying Dodging
A: change form in water, swift swim, stealthy swim
a: Heroism, Renounce Religion, Stop Flying


You were on level 3 of the Lair of Beasts.
You worshipped Okawaru.
Okawaru was greatly pleased with you.
You were not hungry.

You visited 3 branches of the dungeon, and saw 13 of its levels.
You also visited: Ossuary.

You collected 746 gold pieces.
You spent 340 gold pieces at shops.

Inventory:

Hand Weapons
 u - a +0 scythe (weapon)
 B - a +2 quarterstaff of chaos
Armour
 b - a +0 leather armour (worn)
 g - a +0 cloak (worn)
 h - a +2 pair of boots of flying (worn)
 t - a +0 pair of gloves (worn)
Jewellery
 i - a +2 ring of protection (right hand)
 j - an uncursed ring of stealth
 w - an amulet of magic regeneration (around neck)
 x - an uncursed ring of see invisible
 z - an uncursed ring of magical power
 E - the ring of Starshine (left hand) {Wiz Str+3 Int+4}
   (You found it on level 7 of the Dungeon)

   [ring of wizardry]

   It improves your spell success rate.
   It affects your strength (+3).
   It affects your intelligence (+4).
 I - a +1 ring of evasion
 L - an uncursed ring of protection from fire
 N - an uncursed ring of ice
Wands
 a - a wand of polymorph (5)
 p - a wand of digging (13)
 J - a wand of iceblast (3)
Scrolls
 c - 7 scrolls of remove curse
 e - 2 scrolls of teleportation
 s - 2 scrolls of enchant weapon
 y - 3 scrolls of magic mapping
 D - 3 scrolls of amnesia
 F - 3 scrolls of identify
 K - 2 scrolls of fog
Potions
 f - 5 potions of cancellation
 k - 2 potions of lignification
 l - a potion of ambrosia
 n - a potion of curing
 o - 2 potions of brilliance
 q - 2 potions of magic
 v - a potion of invisibility
 A - 4 potions of flight
 H - a potion of stabbing
 M - a potion of resistance
 O - a potion of heal wounds
Books
 C - a manual of Dodging
Comestibles
 d - 17 rations
 m - 2 chunks of flesh


   Skills:
 - Level 7.8(12.8) Fighting
 + Level 17.1(22.1) Polearms
 - Level 0.6(5.6) Armour
 + Level 17.0(22.0) Dodging
 - Level 2.0 Spellcasting
 - Level 3.9 Charms
 - Level 2.4 Invocations


You had 8 spell levels left.
You knew the following spells:

 Your Spells              Type           Power        Failure   Level  Hunger
a - Infusion              Chrm           ###.         1%          1    #......
b - Spectral Weapon       Hex/Chrm       #.......     13%         3    ###....
c - Shroud of Golubria    Chrm/Tloc      #.....       6%          2    ###....

Your spell library contained the following spells:

 Spells                   Type           Power        Failure   Level  Hunger
 Song of Slaying          Chrm           ###.....     2%          2    ###....
 Animate Skeleton         Necr           N/A          10%         1    #......
 Apportation              Tloc           #.....       10%         1    #......
 Corona                   Hex            #......      10%         1    #......
 Pain                     Necr           #...         10%         1    #......
 Summon Small Mammal      Summ           #...         10%         1    #......
 Ozocubu's Armour         Chrm/Ice       #.......     13%         3    ###....
 Vampiric Draining        Necr           #.........   26%         3    ###....
 Animate Dead             Necr           N/A          65%         4    #####..
 Agony                    Necr           #.......     92%         5    ######.


Dungeon Overview and Level Annotations

Branches:
Dungeon (8/15)             Temple (1/1) D:7            Lair (4/6) D:8
  Swamp (0/4) Lair:2       Spider (0/4) Lair:4      Ossuary (visited)

Altars:
Ashenzari
Cheibriados
Dithmenos
Elyvilon
Fedhas
Hepliaklqana
Kikubaaqudgha
Makhleb
Nemelex Xobeh
Okawaru
Qazlal
Ru
Sif Muna
Trog
Uskayaw
Vehumet
Wu Jian
Xom
Yredelemnul
Zin
The Shining One
Beogh

Shops:
D:5 (   D:6 ?   D:7 =


Message History

The black mamba closely misses you. x2
You slash the black mamba!
The black mamba is severely wounded.
The black mamba completely misses you.
You barely miss the black mamba.
The black mamba is severely wounded.
The black mamba barely misses you. The black mamba completely misses you.
You slash the black mamba!
The black mamba is almost dead.
The black mamba completely misses you. The black mamba misses you.
You hit the black mamba but do no damage.
The black mamba is almost dead.
The black mamba bites you!
* * * LOW HITPOINT WARNING * * *
You are poisoned.
The black mamba poisons you!
You feel better. The black mamba bites you!
* * * LOW HITPOINT WARNING * * *
The black mamba bites you!
You die...

##...............####...
#......#.......#.###....
##.................#....
##.....#.......#........
#P........>รท..........#.
##.....a#'.P.#..........
#.......Fw..............
#....###S###.#....#.....
#....##@## ##.........#.
##..##### #P........+.
#P..# #........... #...##
##...#....#. ##...#
##........... ##..####
###............
#......###..............
##......................
#...................[..


You could see a black mamba, a spiny frog and a worm.

Vanquished Creatures
  A hydra (Lair:3)
  A two-headed ogre (D:8)
  2 molten gargoyles (Lair:3)
  A spiny frog (Lair:1)
  4 komodo dragons
  A tyrant leech (Lair:2)
  5 blink frogs (Lair:1)
  3 hippogriffs
  Sigmund (D:4)
  A spriggan (D:8)
  Eustachio (D:5)
  6 yaks
  Edmund (D:4)
  4 swamp worms (Lair:2)
  A water moccasin (Lair:1)
  5 orc warriors
  4 porcupines
  2 ice beasts
  A necrophage (D:7)
  3 centaurs
  6 ogres
  4 wolves (Lair:3)
  3 crocodiles
  7 bullfrogs
  An elf zombie (Ossuary)
  4 wights (D:6)
  An electric eel (Lair:2)
  A howler monkey (D:7)
  2 crimson imps
  3 jellies
  5 lava snakes (Lair:3)
  A centaur zombie (Ossuary)
  A hound (D:6)
  5 orc priests
  Crazy Yiuf (D:3)
  A gnoll shaman (D:5)
  An iguana (D:5)
  12 orc wizards
  4 worker ants
  2 big kobold zombies (Ossuary)
  2 hound zombies (Ossuary)
  3 mummies (Ossuary)
  11 gnolls
  13 adders
  An ooze (D:1)
  5 adder zombies
  An adder skeleton (D:7)
  4 worms
  3 dart slugs
  7 leopard geckos
  65 orcs
  4 giant cockroaches
  7 goblins
  7 hobgoblins
  11 jackals
  10 kobolds
  2 quokkas
  A ball python (D:3)
  7 bats
  5 frilled lizards
  A giant cockroach zombie (D:6)
  6 goblin zombies (Ossuary)
  3 hobgoblin zombies (Ossuary)
  2 jackal zombies (Ossuary)
  4 kobold zombies (Ossuary)
  3 orc zombies (Ossuary)
  A quokka skeleton (D:5)
  5 quokka zombies (Ossuary)
  11 rats
  2 rat zombies (Ossuary)
320 creatures vanquished.

Vanquished Creatures (others)
  An orc wizard (D:8)
  3 fungi
  A plant (Lair:2)
  10 spectral weapons
15 creatures vanquished.

Grand Total: 335 creatures vanquished

Notes
Turn   | Place    | Note
-------+----------+-------------------------------------------
     0 | D:1      | Hazorath the Merfolk Skald began the quest for the Orb.
     0 | D:1      | Reached XP level 1. HP: 16/16 MP: 3/3
   183 | D:1      | Reached XP level 2. HP: 11/23 MP: 0/5
   584 | D:1      | Found a sparkling altar of Nemelex Xobeh.
   819 | D:1      | Reached XP level 3. HP: 28/28 MP: 6/6
  2045 | D:2      | Found a glowing silver altar of Zin.
  2049 | D:2      | Noticed an angel
  2095 | D:2      | Found a shimmering altar of Xom.
  2123 | D:2      | Reached XP level 4. HP: 33/35 MP: 7/7
  2243 | D:2      | Reached skill level 5 in Polearms
  3089 | D:3      | Reached XP level 5. HP: 30/41 MP: 3/8
  4040 | D:3      | Found a bloodstained altar of Trog.
  4620 | D:3      | Reached XP level 6. HP: 19/48 MP: 7/9
  4980 | D:3      | Found a runed translucent door.
  4981 | D:3      | Noticed Crazy Yiuf
  4996 | D:3      | Killed Crazy Yiuf
  5329 | D:4      | Reached skill level 5 in Dodging
  5647 | D:4      | Reached XP level 7. HP: 20/55 MP: 4/10
  5908 | D:4      | Found a glowing golden altar of the Shining One.
  5993 | D:4      | Noticed Sigmund
  5999 | D:4      | Killed Sigmund
  6005 | D:4      | Found a shattered altar of Ashenzari.
  6176 | D:5      | Entered Level 5 of the Dungeon
  6230 | D:5      | Reached skill level 5 in Fighting
  6353 | D:5      | Noticed Eustachio
  6373 | D:5      | Killed Eustachio
  6373 | D:5      | Reached XP level 8. HP: 38/62 MP: 9/11
  6588 | D:5      | Found Juon Bon's Antique Weapon Shoppe.
  6613 | D:5      | Reached skill level 10 in Polearms
  7058 | D:5      | Noticed Edmund
  7354 | D:4      | Killed Edmund
  7752 | D:6      | Reached XP level 9. HP: 36/71 MP: 9/12
  8599 | D:6      | Found a stormy altar of Qazlal.
  8877 | D:6      | Found a sacrificial altar of Ru.
  9175 | D:6      | Found Suuroent's Magic Scroll Boutique.
  9182 | D:6      | Found a sparkling altar of Nemelex Xobeh.
  9183 | D:6      | Bought a scroll of identify for 28 gold pieces
  9183 | D:6      | Bought a scroll of identify for 28 gold pieces
  9183 | D:6      | Bought a scroll of identify for 28 gold pieces
  9183 | D:6      | Bought a scroll of teleportation for 42 gold pieces
  9183 | D:6      | Bought a scroll of magic mapping for 49 gold pieces
  9185 | D:6      | Found a radiant altar of Vehumet.
  9186 | D:6      | Found a snail-covered altar of Cheibriados.
  9370 | D:7      | Found Farruono's Jewellery Shoppe.
  9378 | D:7      | Bought an uncursed ring of see invisible for 165 gold
                  | pieces
  9415 | D:7      | Found a burning altar of Makhleb.
  9415 | D:7      | Noticed a cacodemon
  9451 | D:7      | Got a slimy tin ring
  9453 | D:7      | Identified the ring of Starshine {Wiz Str+3 Int+4} (You
                  | found it on level 7 of the Dungeon)
  9607 | D:7      | Found a white marble altar of Elyvilon.
  9718 | D:7      | Found a staircase to the Ecumenical Temple.
  9859 | Temple   | Entered the Ecumenical Temple
  9978 | Temple   | Became a worshipper of Warmaster Okawaru
 10015 | D:8      | Identified a scroll of acquirement
 10015 | D:8      | Identified the amulet "Luguaz" {Gourm *Drain rPois Dex+4}
                  | (You acquired it on level 8 of the Dungeon)
 10110 | D:8      | Found a sand-covered staircase.
 10115 | Ossuary  | Entered an ossuary
 10421 | D:8      | Found a staircase to the Lair.
 10592 | D:8      | Learned a level 3 spell: Spectral Weapon
 10595 | D:8      | Learned a level 2 spell: Shroud of Golubria
 10618 | D:8      | Reached * piety under Okawaru
 10618 | D:8      | Reached skill level 10 in Dodging
 10618 | D:8      | Reached XP level 10. HP: 73/80 MP: 13/13
 10627 | D:8      | Found a runed translucent door.
 10920 | D:8      | Noticed a two-headed ogre
 10925 | D:8      | Killed a two-headed ogre
 11248 | D:8      | Found a roughly hewn altar of Beogh.
 11359 | Lair:1   | Entered Level 1 of the Lair of Beasts
 11359 | Lair:1   | Noticed a spiny frog
 11364 | Lair:1   | Killed a spiny frog
 11369 | Lair:1   | Reached ** piety under Okawaru
 11909 | Lair:1   | Reached skill level 15 in Polearms
 11943 | Lair:1   | Reached *** piety under Okawaru
 12170 | Lair:1   | Reached XP level 11. HP: 86/86 MP: 10/14
 12370 | Lair:2   | Found a staircase to the Swamp.
 12381 | Lair:2   | HP: 3/86 [swamp worm (9)]
 13051 | Lair:2   | Reached skill level 15 in Dodging
 13255 | Lair:2   | Reached **** piety under Okawaru
 13452 | Lair:2   | Noticed a seven-headed hydra
 14873 | Lair:3   | Noticed a six-headed hydra
 14998 | Lair:3   | Found a glowing golden altar of the Shining One.
 15494 | Lair:3   | HP: 2/86 [something (13)]
 16353 | Lair:3   | Killed an eight-headed hydra
 16773 | Lair:4   | Found a hole to the Spider Nest.
 16826 | Lair:3   | Mangled by a black mamba

Levels and vault maps discovered:
D:1:      dpeg_arrival_brainrot, layout_loops_ring,
          nemelex_xobeh_ov_fountains_minmay
D:2:      minmay_razor_zed, layout_basic,
          grunt_temple_overflow_order_and_chaos_1, dk_vineyard_2
D:3:      layout_rooms, bloody_trog, first_ration, minmay_misc_feat_five,
          uniq_crazy_yiuf_cottage
D:4:      layout_basic, nicolae_overflow_crystal_walls, tso_altar, st_stairs_13,
          corexii_checkpoint_a, serial_park_tiny_2, uniq_sigmund
D:5:      layout_basic, serial_shops, nicolae_shop_behind_doors, uniq_edmund,
          uniq_eustachio
D:6:      layout_basic, grunt_qazlal_clouds, nicolae_overflow_hidden_temple,
          chequers_temple_overflow_statue_of_worship, serial_shops,
          nicolae_shop_crystal, nicolae_water_bricks
D:7:      layout_rooms, elyvilon_altar_1, makhleb_altar_promises_db,
          minmay_temple_entry_gardened_gates, serial_shops, shop
D:8:      layout_gridville, lair_entry_dummy, enter_ossuary_2, grunt_pizzeria,
          lightli_church_of_beogh
Temple:   nicolae_temple_figure_zero
Lair:1:   layout_long_grid
Lair:2:   layout_gridlike, minmay_swamp_entry_worms
Lair:3:   cheibrodos_magma_flow, layout_chaotic_city, basic_altar
Lair:4:   layout_cave_pods, nicolae_spider_entry_non_spiders

Skill      XL: |  1  2  3  4  5  6  7  8  9 10 11 |
---------------+----------------------------------+-----
Dodging        | 3 4 5 6 7 10 14 17 | 17.0
Polearms       | 4 5 6 8 9 11 13 15 17 | 17.1
Fighting       | 3 4 5 6 7 |  7.8
Invocations    | 2 |  2.4
Armour         | |  0.6
Spellcasting   | |  2.0
Charms         | |  3.9

Action                   |  1- 3 |  4- 6 |  7- 9 | 10-12 || total
-------------------------+-------+-------+-------+-------++-------
Melee: Spear             |   176 |   128 |       |       ||   304
       Halberd           |       |    90 |   519 |   350 ||   959
       Scythe            |       |       |       |    33 ||    33
       Quarterstaff      |       |       |       |    24 ||    24
       Tailslap          |       |       |       |     3 ||     3
 Cast: Infusion          |     5 |    15 |    22 |     3 ||    45
       Spectral Weapon   |       |       |       |    28 ||    28
       Shroud of Golubri |       |       |       |     3 ||     3
Invok: Heroism           |       |       |       |     8 ||     8
 Abil: Stop Flying       |     1 |       |       |       ||     1
       Evoke Flight      |       |       |       |     1 ||     1
Evoke: Wand              |       |       |       |     3 ||     3
  Use: Scroll            |     5 |     4 |    13 |     9 ||    31
       Potion            |       |       |     2 |     9 ||    11
 Stab: Distracted        |     1 |       |     4 |     2 ||     7
       Sleeping          |       |     6 |     5 |     3 ||    14
  Eat: Chunk             |     3 |     9 |    11 |    13 ||    36
       Ration            |       |     1 |     2 |     3 ||     6
Armor: Leather armour    |    37 |    47 |    79 |    50 ||   213
Dodge: Dodged            |    95 |   109 |   310 |   405 ||   919

Table legend:
 A = Non-vault XP
 B = Vault XP
 C = Vault XP percentage of total XP
 D = Non-vault monster count
 E = Vault monster count
 F = Vault count percentage of total count
                 A         B        C        D         E       F
            +---------+---------+-------+---------+---------+-------
      Total |   12719 |    3874 |  23.3 |     230 |      91 |  28.3
            +---------+---------+-------+---------+---------+-------
        D:1 |      35 |       2 |   5.4 |      19 |       1 |   5.0
        D:2 |      84 |      37 |  30.6 |      32 |       8 |  20.0
        D:3 |     194 |      41 |  17.4 |      30 |       1 |   3.2
        D:4 |     342 |     431 |  55.8 |      14 |       5 |  26.3
        D:5 |     804 |     203 |  20.2 |      28 |       1 |   3.4
        D:6 |     978 |       0 |   0.0 |      27 |       0 |   0.0
        D:7 |     629 |       0 |   0.0 |      20 |       0 |   0.0
        D:8 |    1781 |     801 |  31.0 |      22 |      26 |  54.2
     Lair:1 |    2983 |       0 |   0.0 |      13 |       0 |   0.0
     Lair:2 |    1319 |     947 |  41.8 |       8 |       5 |  38.5
     Lair:3 |    3377 |    1088 |  24.4 |      16 |       7 |  30.4
     Lair:4 |     193 |       0 |   0.0 |       1 |       0 |   0.0
    Ossuary |       0 |     324 | 100.0 |       0 |      37 | 100.0
            +---------+---------+-------+---------+---------+-------
